 Dungeon Crawl Stone Soup version 0.31-a0-1178-gc5c9b8f871 (webtiles) character file.

Game seed: 13940995537398510513

4281 NateTC the Cleaver (level 10, -1/88 HPs)
             Began as a Minotaur Fighter on Dec 12, 2023.
             Was an Elder of Okawaru.
             Slain by a hornet (7 damage)
             ... on level 8 of the Dungeon.
             The game lasted 00:25:54 (6864 turns).

NateTC the Cleaver (Minotaur Fighter)               Turns: 6864, Time: 00:25:54

Health: -1/88      AC: 15    Str: 24    XL:     10   Next: 10%
Magic:  9/9        EV:  7    Int:  5    God:    Okawaru [****..]
Gold:   302        SH:  5    Dex: 11    Spells: 9/9 levels left

rFire   + . .        x - +0 broad axe
rCold   . . .        c - +0 buckler
rNeg    . . .        q - +0 plate armour
rPois   .            (helmet restricted)
rElec   .            (no cloak)
rCorr   .            g - +0 pair of gloves
SInv    .            (no boots)
Will    .....        (no amulet) Stlth
                     u - ring of protection from fire
HPRegen 0.34/turn    (no ring)
MPRegen 0.11/turn

%: no passive effects
@: lethally poisoned (-1 -> -7), slowed, very slow
A: horns 2, retaliatory headbutt
a: Renounce Religion, Heroism, Finesse


You were on level 8 of the Dungeon.
You worshipped Okawaru.
Okawaru was greatly pleased with you.
You visited 1 branch of the dungeon, and saw 8 of its levels.
You also visited: Bailey.

You collected 302 gold pieces.

Inventory:

Hand Weapons
 a - a +0 war axe
 x - a +0 broad axe (weapon)
 C - a +0 dire flail
Missiles
 t - 7 throwing nets
Armour
 b - a +0 scale mail
 c - a +0 buckler (worn)
 g - a +0 pair of gloves (worn)
 m - a +0 chain mail
 q - a +0 plate armour (worn)
 E - the +1 ring mail of Behion {+Blink rPois rC+ rN+}
   (You found it on level 7 of the Dungeon)

   rC+:       It protects you from cold.
   rPois:     It protects you from poison rN+: It protects you from negative
   energy.
   +Blink:    It lets you blink.
Jewellery
 u - a ring of protection from fire (left hand)
Talismans
 F - a flux talisman
Wands
 l - a wand of roots (18)
 n - a wand of paralysis (2)
 w - a wand of flame (15)
Scrolls
 d - 2 scrolls of identify
 h - 5 scrolls of revelation
 o - 3 scrolls of noise
 r - a scroll of amnesia
 y - 2 scrolls of enchant weapon {unknown}
 z - a scroll of brand weapon {unknown}
 A - a scroll of enchant armour {unknown}
 B - a scroll of teleportation {unknown}
Potions
 e - a potion of lignification
 f - a potion of resistance
 i - 3 potions of brilliance {unknown}
 j - 3 potions of curing
 k - 3 potions of haste
 p - 2 potions of invisibility {unknown}
 s - a potion of cancellation {unknown}
 v - 2 potions of degeneration
 D - a potion of heal wounds


   Skills:
 * Level 8.2 Fighting
 * Level 13.4 Axes
 - Level 8.1 Armour
 - Level 5.8 Shields
 + Level 1.0 Invocations


You had 9 spell levels left.
You didn't know any spells.
Your spell library contained the following spells:

 Spells                   Type           Power      Damage    Failure   Level
 Ozocubu's Armour         Ice            0%         N/A       100%        3
 Metabolic Englaciation   Hex/Ice        0%         N/A       100%        5
 Simulacrum               Ice/Necr       Unusable   N/A       N/A         6

Dungeon Overview and Level Annotations

Branches:
Dungeon (8/15) Zot: 26543  Temple (0/1) D:5          Bailey (visited)
   Lair: D:8-11

Altars:
Cheibriados
Gozag
Hepliaklqana
Okawaru
Trog
Uskayaw
Vehumet
Xom

Shops:
D:5 (

Annotations:
D:3 2 transporters, GoodGuyCap's ghost, amateur OpSh


Innate Abilities, Weirdness & Mutations

You have a pair of horns on your head.
You reflexively headbutt those who attack you in melee.


Message History

You can move again.
You closely miss the hornet. Your headbutt misses the hornet.
You feel very sick.
The hornet stings you but does no damage.
The hornet stings you.
You shrug off the repeated paralysis!
You slash the hornet!
The hornet is moderately wounded.
You feel yourself speed up.
You feel sick. The hornet barely misses you. You furiously retaliate!
You headbutt the hornet.
The hornet stings you but does no damage.
You closely miss the hornet.
The hornet is moderately wounded.
You feel sick.
The hornet stings you but does no damage.
You closely miss the hornet. You headbutt the hornet.
The hornet is heavily wounded.
You feel sick. The hornet barely misses you. The hornet stings you!
You feel yourself slow down.
You closely miss the hornet.
The hornet is heavily wounded.
You feel sick. The hornet stings you!
You are more poisoned.
You feel as though you will be slow longer.
The hornet stings you but does no damage.
You closely miss the hornet.
The hornet is heavily wounded.
You feel very sick. The hornet stings you.
* * * LOW HITPOINT WARNING * * *
You feel as though you will be slow longer.
You block the hornet's attack.
You miss the hornet.
The hornet is heavily wounded.
You feel very sick. The hornet stings you!
* * * LOW HITPOINT WARNING * * *
You feel as though you will be slow longer.
The hornet stings you!
You die...

......##...##
##......#
.....###..##
##...##..#
...####...#
###..### ..#
#### ##..##
#...## #.#
#...# ##..##
.# ##..##
#..## ##
##...## #..#
#.....# #..##
#.....##
##@.#
###....##
#.y.#
###...##
##....#
##...##
#.....#
##...# ####..
##..# . #..#
##..#
#######...#
#....#


You could see a hornet.

Vanquished Creatures
  A two-headed ogre (D:6)
  A hornet (D:7)
  2 wyverns
  A yak (D:7)
  Duvessa (D:5)
  2 sky beasts (D:7)
  2 black bears
  2 ice beasts
  4 orc warriors
  An ogre (D:7)
  2 centaurs
  A phantom (D:4)
  2 kobold brigands
  A bullfrog (D:7)
  5 scorpions
  Dowan (D:5)
  2 howler monkeys
  2 jellies
  2 hounds
  2 orc priests (D:5)
  4 gnoll boudas
  3 orc wizards
  6 iguanas
  5 adders
  31 gnolls
  2 shadow imps
  5 white imps
  2 ufetubi (D:5)
  4 worms
  4 dart slugs
  31 orcs
  4 bats
  7 endoplasms
  5 giant cockroaches
  13 goblins
  9 hobgoblins
  12 jackals (D:5)
  3 quokkas (D:3)
  6 ball pythons
  2 frilled lizards (D:1)
  20 kobolds
  10 rats
225 creatures vanquished.

Notes
Turn   | Place    | Note
-------+----------+-------------------------------------------
     0 | D:1      | NateTC the Minotaur Fighter began the quest for the Orb.
     0 | D:1      | Reached XP level 1. HP: 19/19 MP: 0/0
   151 | D:1      | Reached XP level 2. HP: 27/27 MP: 1/1
   313 | D:1      | Reached skill level 3 in Axes
   470 | D:1      | Reached XP level 3. HP: 31/34 MP: 2/2
   701 | D:2      | Reached skill level 5 in Fighting
   725 | D:2      | Reached XP level 4. HP: 28/42 MP: 3/3
   877 | D:2      | You fall into a shaft and drop 1 floor!
   899 | D:3      | Found a transporter.
   899 | D:3      | Noticed GoodGuyCap's ghost (amateur OpSh)
   929 | D:3      | Found a transporter.
   997 | D:3      | Found an iron altar of Okawaru.
  1003 | D:3      | Became a worshipper of Warmaster Okawaru
  1079 | D:3      | Found a faded altar of an unknown god.
  1262 | D:3      | Reached skill level 4 in Axes
  1584 | D:4      | Noticed a phantom
  1589 | D:4      | Reached XP level 5. HP: 50/50 MP: 4/4
  1593 | D:4      | Killed a phantom
  1806 | D:4      | Reached XP level 6. HP: 58/60 MP: 5/5
  1949 | D:4      | Reached skill level 5 in Axes
  2343 | D:5      | Entered Level 5 of the Dungeon
  2360 | D:5      | Noticed a +0 hand axe
  2361 | D:5      | Noticed a +0 dagger
  2364 | D:5      | Found a hide-covered altar of Uskayaw.
  2389 | D:5      | Reached * piety under Okawaru
  2390 | D:5      | Reached skill level 6 in Axes
  2510 | D:5      | Found a shimmering altar of Xom.
  2511 | D:5      | Found a snail-covered altar of Cheibriados.
  2519 | D:5      | Reached XP level 7. HP: 66/66 MP: 6/6
  2519 | D:5      | Found an opulent altar of Gozag.
  2624 | D:5      | Reached skill level 7 in Axes
  2624 | D:5      | Reached skill level 5 in Armour
  2782 | D:5      | Noticed Duvessa
  2782 | D:5      | Noticed Dowan
  2791 | D:5      | Killed Dowan
  2799 | D:5      | Killed Duvessa
  2799 | D:5      | Reached ** piety under Okawaru
  2800 | D:5      | Reached skill level 8 in Axes
  2981 | D:5      | Found Vuepria's Weapon Shop.
  3070 | D:5      | Found a hazy altar of Hepliaklqana.
  3071 | D:5      | Found a staircase to the Ecumenical Temple.
  3240 | D:5      | Reached XP level 8. HP: 70/73 MP: 7/7
  3469 | D:5      | Reached skill level 9 in Axes
  4307 | D:6      | Reached skill level 10 in Axes
  4592 | D:6      | Noticed a two-headed ogre
  4598 | D:6      | Killed a two-headed ogre
  4598 | D:6      | Reached *** piety under Okawaru
  4599 | D:6      | Reached skill level 11 in Axes
  4599 | D:6      | Reached XP level 9. HP: 20/79 MP: 8/8
  4855 | D:6      | Noticed a moth of wrath
  4858 | D:6      | Found a bloodstained altar of Trog.
  5289 | D:7      | Reached **** piety under Okawaru
  5290 | D:7      | Reached skill level 12 in Axes
  5295 | D:7      | Reached skill level 5 in Shields
  5573 | D:7      | Found a flagged portal.
  5585 | Bailey   | Entered a bailey
  5590 | Bailey   | Noticed an orc warlord
  5720 | Bailey   | Found a runed translucent gate.
  5722 | Bailey   | Found a runed translucent gate.
  5724 | Bailey   | Found a runed translucent gate.
  6151 | D:7      | Reached skill level 13 in Axes
  6264 | D:7      | Reached XP level 10. HP: 67/88 MP: 9/9
  6351 | D:7      | Identified the +1 ring mail of Behion {+Blink rPois rC+
                  | rN+}
  6450 | D:8      | Found a radiant altar of Vehumet.
  6497 | D:8      | Reached skill level 1 in Invocations
  6855 | D:8      | Paralysed by a hornet for 3 turns
  6864 | D:8      | Slain by a hornet

Illustrated notes

Levels and vault maps discovered:
D:1:      dpeg_arrival_central, layout_basic
D:2:      layout_loops_corners, grunt_ministairs_6
D:3:      layout_loops_ring, overflow_temple_1_default,
          gammafunk_ghost_stat_death, shapermc_ecumenical_altar_starsandcircs
D:4:      corexii_shack_village, layout_loops_cross
D:5:      lemuel_castle_with_subvaults [lemuel_castle_interior_carwin_3],
          layout_basic, nzn_hepliaklqana_mist_gate,
          chequers_temple_overflow_statue_of_worship, dancing_weapons_uskayaw,
          minmay_temple_entry_gardened_gates, nicolae_stop_n_shop_1, hex_large,
          uniq_duvessa
D:6:      layout_loops_ring, tgw_trog, minivault_26, minmay_small_thing
D:7:      minmay_clustersquares, layout_loops_ring, enter_bailey_7,
          minmay_liquid_box, kennysheep_generic_room_6
D:8:      layout_layer_cave, mainiacjoe_overflow_alcove_4,
          minmay_shop_grid_forest, kennysheep_cross_room

Skill      XL: |  1  2  3  4  5  6  7  8  9 10 |
---------------+-------------------------------+-----
Fighting       | 4 5 6 7 8 |  8.2
Axes           | 3 4 6 8 11 13 | 13.4
Armour         | 4 6 8 |  8.1
Shields        | 5 |  5.8
Invocations    | 1 |  1.0

Action                     |  1- 3 |  4- 6 |  7- 9 | 10-12 || total
---------------------------+-------+-------+-------+-------++-------
  Melee: War axe           |    52 |   123 |   272 |       ||   447
         Headbutt          |     7 |    19 |    53 |     4 ||    83
         Broad axe         |       |       |    46 |    19 ||    65
    Use: Scroll            |     2 |     5 |     2 |       ||     9
         Potion            |       |       |     3 |       ||     3
 Armour: Scale mail        |    42 |    58 |       |       ||   100
         Chain mail        |       |    12 |    84 |       ||    96
         Plate armour      |       |       |   218 |    34 ||   252
  Dodge: Dodged            |    31 |    60 |   100 |     4 ||   195
  Block: Buckler           |    11 |    25 |    82 |     5 ||   123

Table legend: (Time is in decaauts)
 A = Elapsed time spent in this place.
 B = Non-inter-level travel time spent in this place.
 C = Inter-level travel time spent in this place.
 D = Time resting spent in this place.
 E = Time spent auto-exploring this place.
 F = Levels seen in this place.
 G = Mean time per level.
                   A        B        C        D        E       F      G
               +--------+--------+--------+--------+--------+-----+--------+
         Total |   6963 |   6760 |    203 |   1189 |   2649 |   9 |  773.7 |
       Dungeon |   6615 |   6412 |    203 |   1152 |   2536 |   8 |  826.9 |
        Bailey |    348 |    348 |      0 |     37 |    113 |   1 |  348.0 |
               +--------+--------+--------+--------+--------+-----+--------+

Top non-repeatable levels by time:
     D:5: 1694 daAuts
     D:7: 1077 daAuts
     D:6: 993 daAuts
     D:4: 782 daAuts
     D:3: 713 daAuts
     D:1: 694 daAuts
     D:8: 454 daAuts
  Bailey: 348 daAuts
     D:2: 205 daAuts
